Unix NetHack Version 3.7.0-102 Work-in-progress - last build Apr 6 2024 13:22:21 (d302a6a9ff6341f1a922d8f5af178406b35fdf99,branch:master). Game began 2024-04-07 12:51:20, ended 2024-04-07 15:40:40. aoei, neutral female human Wizard -------- ---- |......-----.`| |....%..%...%.| |......------.| |....f@| |.| |----.------|.| |.....|....||.| |.....|000.||^| |...0......-|^| |....---...>|$| ------ -------- Aoei the Thaumaturge St:6 Dx:18 Co:13 In:17 Wi:12 Ch:9 Neutral Dlvl:8 $:295 HP:0(49) Pw:6(78) AC:8 Xp:7 T:3938 Latest messages: Something is written here in the dust. You read: "Elbereth". You see no objects here. In what direction? The spell hits it. In what direction? The spell misses it. You see the scorpion hide under a corpse. In what direction? The spell misses it. In what direction? The spell hits it. In what direction? The spell misses it. In what direction? The spell hits it. You see the scorpion hide under a corpse. What do you want to write with? [- ac-egnrPT or ?*] You write in the dust with your fingertip. A scorpion was hidden under a small mimic corpse! The scorpion hits! The scorpion hits again! The scorpion stings! What do you want to write with? [- ac-egnrPT or ?*] Do you want to add to the current engraving? [ynq] (y) You wipe out the message that was written in the dust here. You write in the dust with your fingertip. The scorpion turns to flee. Something is written here in the dust. You read: "Elbereth". You see no objects here. In what direction? The spell misses it. You feel like a hypocrite. The engraving beneath you fades. In what direction? The spell hits it. You kill the scorpion! You see here a small mimic corpse. You see here a scorpion corpse. The jaguar hits! The jaguar hits again! The jaguar bites! What do you want to write with? [- ac-egnrPT or ?*] You write in the dust with your fingertip. The jaguar hits! The jaguar hits again! The jaguar bites! You die... Do you want to see the dungeon overview? [ynq] (y) Inventory: Weapons a - a blessed +1 quarterstaff (weapon in hands) Armor i - a blessed +0 elven leather helm (being worn) b - an uncursed +0 cloak of magic resistance (being worn) Tools n - a magic marker (0:20) x - a +0 pick-axe Comestibles l - 3 uncursed food rations Rings e - an uncursed +1 ring of increase accuracy (on left hand) P - an uncursed ring of polymorph control d - an uncursed ring of protection from shape changers (on right hand) Wands r - a wand of cancellation (0:6) g - a wand of cold (0:5) T - a wand of digging named 3 (0:2) c - a wand of fire (0:2) Scrolls o - a blessed scroll of blank paper k - an uncursed scroll of confuse monster q - 2 uncursed scrolls of earth j - an uncursed scroll of enchant armor p - an uncursed scroll of enchant weapon m - an uncursed scroll of remove curse Potions h - an uncursed potion of water Coins $ - 295 gold pieces Aoei the Wizard's attributes: Background: You were a Thaumaturge, a level 7 female human Wizard. You were neutral, on a mission for Thoth who was opposed by Ptah (lawful) and Anhur (chaotic). You were right-handed. You were in Sokoban, on level 8. You entered the dungeon 3938 turns ago. There was a new moon in effect when your adventure ended. You had 1127 experience points, 153 more were needed to attain level 8. Basics: You had 0 out of 49 hit points. You had 6 out of 78 energy points (spell power). Your armor class was 8. Your wallet contained 295 zorkmids. Autopickup was on for '$?!/"=' plus thrown, with exceptions. Final Characteristics: Your strength was 6 (peak:9, limit:18/100). Your dexterity was 18 (limit:18). Your constitution was 13 (limit:18). Your intelligence was 17 (limit:18). Your wisdom was 12 (limit:18). Your charisma was 9 (limit:18). Final Status: You weren't hungry. You were unencumbered. You were wielding a quarterstaff. You were skilled in quarterstaff. Final Attributes: You were piously aligned. You were magic-protected. You were telepathic. You had a small bonus to hit (+1). You were warded. You were protected from shape changers. You are dead. Miscellaneous: You disabled loading of bones levels. Total elapsed playing time was 31 minutes and 41 seconds. Major events: Turn 1: aoei the neutral female human Wizard entered the dungeon 808: attained the rank of Conjurer (level 3) 1557: entered the Gnomish Mines 2639: attained the rank of Thaumaturge (level 6) 3635: entered Sokoban 3938: killed by a jaguar Vanquished creatures: 2 wargs 2 small mimics a large dog a tengu a leprechaun a scorpion a gnome ruler a gold golem a dog 2 human zombies a Woodland-elf an imp a Mordor orc 8 Uruk-hai an orc shaman 2 yellow lights a gnome leader 2 gray oozes 4 elf zombies a ghoul a paper golem 3 floating eyes 2 dwarves a kobold leader a hill orc 3 rothes a monkey a wererat 2 iguanas a gas spore 2 hobbits 5 manes a large kobold 2 giant rats 2 cave spiders a green mold 4 gnomes a gnome zombie 2 geckos 2 jackals 2 foxes a kobold 2 goblins 2 sewer rats 3 grid bugs 2 lichens 2 kobold zombies 4 newts 91 creatures vanquished. No species were genocided or became extinct. Voluntary challenges: You read items or engraved 13 times. You engraved Elbereth 3 times. You never genocided any monsters. You never polymorphed an object. You never changed form. You used no wishes. You did not violate any of the special Sokoban rules. Achievements: You entered a shop. You attained the rank of Conjurer. You entered the Gnomish Mines. You attained the rank of Thaumaturge. You entered Sokoban. The Dungeons of Doom: levels 1 to 10 Level 1: "books" Some fountains. Level 2: A grave. Level 3: An altar to Thoth. Level 4: A fountain. Stairs down to The Gnomish Mines. Level 5: A grave. Level 6: Many fountains. Level 7: Level 8: Many fountains. Oracle of Delphi. Level 9: A sink. Stairs up to Sokoban, level 8. Level 10: "throne rm" The Gnomish Mines: Level 5: Sokoban: Level 8: <- You were here. Unsolved. Final resting place for you, killed by a jaguar. Game over: ---------- / \ / REST \ / IN \ / PEACE \ / \ | aoei | | 295 Au | | killed by a | | jaguar | | | | | | 2024 | *| * * * | * _________)/\\_//(\/(/\)/\//\/|_)_______ Goodbye aoei the Wizard... You died in Sokoban on dungeon level 8 with 5254 points, and 295 pieces of gold, after 3938 moves. You were level 7 with a maximum of 49 hit points when you died.